 Dungeon Crawl Stone Soup version 0.31.0-4-g52a2dc7128 (webtiles) character file.

Game seed: 16548347936101431820

2166 Jase the Cleaver (level 9, -3/105 HPs)
             Began as a Hill Orc Monk on Jan 23, 2024.
             Was a Believer of Qazlal.
             Slain by an orc knight
             ... wielding a +0 glaive
              (18 damage)
             ... in a bailey.
             The game lasted 00:13:43 (6184 turns).

Jase the Cleaver (Hill Orc Monk)                    Turns: 6184, Time: 00:13:45

Health: -3/105     AC: 17    Str: 24    XL:     9   Next: 32%
Magic:  13/13      EV:  8    Int: 10    God:    Qazlal [**....]
Gold:   458        SH:  3    Dex: 13    Spells: 8/8 levels left

rFire   + + .        a - +2 war axe (elec)
rCold   . . .        d - orb {light}
rNeg    . . .        t - +3 plate armour {rF+}
rPois   .            (no helmet)
rElec   .            (no cloak)
rCorr   .            k - +0 pair of gloves
SInv    .            (no boots)
Will    .....        (no amulet) Stlth
                     b - ring of protection from fire
HPRegen 0.37/turn    p - +6 ring of strength
MPRegen 0.13/turn

%: no passive effects
@: berserking, glowing, studying Dodging, very quick
A: no striking features
a: Renounce Religion, Upheaval


You were in a bailey.
You worshipped Qazlal.
Qazlal was pleased with you.
You visited 2 branches of the dungeon, and saw 8 of its levels.
You also visited: Ossuary and Bailey.

You collected 458 gold pieces.

Inventory:

Hand Weapons
 a - a +2 war axe of electrocution (weapon)
 e - a +3 whip
Missiles
 j - 70 stones (quivered)
 n - 9 poisoned darts
Armour
 d - an orb of light (worn)
 k - a +0 pair of gloves (worn)
 o - a +0 crystal plate armour
 t - a +3 plate armour of fire resistance (worn)
Jewellery
 b - a ring of protection from fire (left hand)
 p - a +6 ring of strength (right hand)
 B - a ring of protection from fire
Wands
 u - a wand of iceblast (19)
Scrolls
 f - 3 scrolls of vulnerability {unknown}
 g - a scroll of silence
 h - a scroll of blinking {unknown}
 r - 2 scrolls of fear {unknown}
 x - a scroll of revelation
 y - a scroll of brand weapon
 z - a scroll of enchant weapon
 A - 2 scrolls of teleportation {unknown}
 C - 3 scrolls of butterflies {unknown}
Potions
 c - a potion of ambrosia
 i - 5 potions of enlightenment
 l - 4 potions of curing
 m - 2 potions of lignification
 s - a potion of resistance
 w - 2 potions of heal wounds


   Skills:
 - Level 3.6 Fighting
 + Level 11.5 Axes
 + Level 7.6 Armour
 - Level 2.4 Dodging
 + Level 6.5 Invocations


You had 8 spell levels left.
You didn't know any spells.
Your spell library contained the following spells:

 Spells                   Type           Power      Damage    Failure   Level
 Necrotise                Necr           0%         1d4       99%         1
 Vampiric Draining        Necr           0%         2d6       100%        3
 Martyr's Knell           Necr/Summ      0%         N/A       100%        4
 Curse of Agony           Necr           0%         N/A       100%        5


Dungeon Overview and Level Annotations

Branches:
Dungeon (7/15)             Temple (1/1) D:5         Ossuary (visited)
 Bailey (1/1)

Altars:
Ashenzari
Cheibriados
Elyvilon
Fedhas
Gozag
Hepliaklqana
Kikubaaqudgha
Makhleb
Nemelex Xobeh
Okawaru
Qazlal
Ru
Trog
Uskayaw
Vehumet
Wu Jian
Xom
Yredelemnul
Zin
The Shining One

Shops:
D:2 *

Annotations:
D:5 1 runed translucent door, Esekla's ghost, weakling OpDe
D:6 2 exclusions


Message History

Things that are here:
a +0 halberd; a +0 scale mail; an orc corpse
Things that are here:
a +0 glaive; a +0 crystal plate armour; an orc corpse
o - a +0 crystal plate armour
There is a gate leading back out of this place here.
You start resting.
An orc knight comes into view. It is wielding a +0 glaive.
You are confused.
You feel invigorated.
The orc knight shouts!
The orc knight roars a battlecry!
An orc warrior comes into view. It is wielding a +0 spear.
You feel less invigorated.
You feel less confused.
The orc knight roars a battlecry!
You hear a shout!
There is a gate leading back out of this place here.
Things that are here:
a +0 halberd; a +0 scale mail; an orc corpse An orc warrior comes into view.
It is wielding a +0 spear.
The orc knight hits you with a +0 glaive!!
The orc warrior hits you from afar with a +0 spear.
The orc knight hits you with a +0 glaive.
* * * LOW HITPOINT WARNING * * *
The orc warrior barely misses you.
Unknown command.
A red film seems to cover your vision as you go berserk!
You feel yourself moving faster!
You feel mighty! The orc knight misses you.
The orc warrior hits you but does no damage.
You barely miss the orc knight. You completely miss the orc warrior.
The orc knight completely misses you.
You slash the orc knight!
The orc knight is lightly wounded.
You completely miss the orc warrior.
The orc warrior hits you with a +0 spear!
* * * LOW HITPOINT WARNING * * *
The orc warrior hits you but does no damage.
The orc knight hits you with a +0 glaive!!
You die...

##. #..♣≈≈≈≈..♣.## ...
#...≈≈≈≈.....###
...##.♣.≈≈≈≈..♣....♣♣♣
#.o#....≈≈≈≈.........♣♣
#8.#...######.........♣
#..#)..............∩..♣
#..')).......)........♣
#..)...........oo.))..♣
#..#..........o.@..∩..♣
#8.#...######..☼......♣
#..#....≈≈≈≈..♣......♣♣
...##...≈≈≈≈..♣♣...♣♣♣
... #...≈≈≈≈.....###
##. #..≈≈≈≈≈..####
####..≈≈≈≈...#
♣..≈≈≈≈≈..♣ ♣.≈≈≈≈≈..♣♣


You could see an orc knight and 2 orc warriors.

Vanquished Creatures
  A shadow (D:6)
  2 ice beasts
  6 orc warriors
  2 sky beasts (D:6)
  A centaur (D:6)
  A phantom (D:5)
  An elf zombie (Ossuary)
  A bullfrog (D:6)
  4 scorpions
  A hound (D:6)
  2 bombardier beetles (D:5)
  A human zombie (Ossuary)
  A jelly (D:4)
  A sleepcap (D:5)
  2 iguanas (D:4)
  An orc wizard (D:5)
  Natasha (twice) (D:4)
  4 mummies (Ossuary)
  7 adders
  A white imp (D:6)
  2 ufetubi (D:5)
  3 adder zombies (Ossuary)
  4 ribbon worms
  2 dart slugs
  9 orcs
  9 endoplasms
  7 giant cockroaches
  2 gnoll zombies (Ossuary)
  6 goblins
  9 hobgoblins
  7 kobolds
  2 quokkas
  8 ball pythons
  6 bats
  10 frilled lizards
  A goblin zombie (Ossuary)
  A jackal zombie (Ossuary)
  3 kobold zombies (Ossuary)
  6 rats
139 creatures vanquished.

Notes
Turn   | Place    | Note
-------+----------+-------------------------------------------
     0 | D:1      | Jase the Hill Orc Monk began the quest for the Orb.
     0 | D:1      | Reached XP level 1. HP: 19/19 MP: 1/1
   109 | D:1      | Reached XP level 2. HP: 26/26 MP: 2/2
   272 | D:1      | Reached skill level 5 in Axes
   770 | D:1      | Reached XP level 3. HP: 31/31 MP: 3/3
   857 | D:2      | Found Merets's Assorted Antiques.
  1165 | D:2      | Reached skill level 6 in Axes
  1532 | D:2      | Reached XP level 4. HP: 37/39 MP: 4/4
  1548 | D:2      | Identified the +0 leather armour "Rulis" {rN+ Str+2 Int+4}
  1549 | D:2      | Found the +7 staff of the Meek {protect, meekguard}
  1595 | D:2      | Reached skill level 7 in Axes
  2153 | D:3      | Reached XP level 5. HP: 45/45 MP: 5/5
  2583 | D:3      | Reached skill level 1 in Armour
  2876 | D:4      | Noticed Natasha
  2888 | D:4      | Killed Natasha
  3355 | D:4      | Reached XP level 6. HP: 51/51 MP: 6/6
  3407 | D:4      | Noticed Natasha
  3412 | D:4      | Killed Natasha
  3413 | D:4      | Reached skill level 8 in Axes
  3750 | D:5      | Entered Level 5 of the Dungeon
  3877 | D:5      | Found a runed translucent door.
  3879 | D:5      | Noticed an orc warrior
  3888 | D:5      | Killed an orc warrior
  3889 | D:5      | Reached XP level 7. HP: 50/57 MP: 7/7
  3890 | D:5      | Reached skill level 9 in Axes
  3908 | D:5      | Noticed Esekla's ghost (weakling OpDe)
  4424 | D:5      | Reached skill level 5 in Armour
  4437 | D:5      | Found a staircase to the Ecumenical Temple.
  4446 | Temple   | Entered the Ecumenical Temple
  4459 | Temple   | Became a worshipper of Qazlal Stormbringer
  4459 | Temple   | Reached * piety under Qazlal
  4459 | Temple   | Reached ** piety under Qazlal
  4701 | D:5      | Found a basalt altar of Yredelemnul.
  4710 | D:5      | Found a snail-covered altar of Cheibriados.
  4817 | D:5      | Reached skill level 1 in Invocations
  4963 | D:6      | Found a sand-covered staircase.
  4969 | Ossuary  | Entered an ossuary
  4980 | Ossuary  | Reached XP level 8. HP: 61/64 MP: 7/9
  5239 | D:6      | Reached skill level 10 in Axes
  5499 | D:6      | Noticed a shadow
  5504 | D:6      | Killed a shadow
  5581 | D:6      | Reached skill level 5 in Invocations
  5737 | D:6      | Reached skill level 11 in Axes
  5737 | D:6      | Reached XP level 9. HP: 70/70 MP: 11/13
  5946 | D:7      | Found a flagged portal.
  5953 | Bailey   | Entered a bailey
  6172 | Bailey   | Noticed an orc knight
  6184 | Bailey   | Slain by an orc knight

Illustrated notes

Levels and vault maps discovered:
D:1:      heliophobic_arrival_enchanted_forest, layout_basic
D:2:      layout_loops_ring, serial_shops, nicolae_shop_advertising_works
          [nicolae_subvault_shop_adworks], st_stairs_5, minmay_joined_circles
D:3:      layout_basic
D:4:      wad_pebble_path, layout_basic, dk_noncrumbling_3, serial_bayou_ford_a,
          uniq_natasha
D:5:      layout_loops_corners, mainiacjoe_overflow_swirl,
          minmay_temple_entry_waves, ebering_ghost_sewer_d, kennysheep_doodads
D:6:      layout_basic, nicolae_ossuary_entry_plus, minmay_manual_monstrance
D:7:      layout_rooms, old_standard_altar, enter_bailey_1
Temple:   mainiacjoe_temple_coin_purse
Bailey:   bailey_polearm_elven_captive_hellmonk, bailey

Skill      XL: |  1  2  3  4  5  6  7  8  9 |
---------------+----------------------------+-----
Axes           | 5 6 7 8 9 11 | 11.5
Armour         | 2 4 5 7 |  7.6
Invocations    | 2 5 6 |  6.5
Fighting       | |  3.6
Dodging        | |  2.4

Action                     |  1- 3 |  4- 6 |  7- 9 || total
---------------------------+-------+-------+-------++-------
  Melee: Hand axe          |   106 |   124 |       ||   230
         War axe           |       |    29 |    97 ||   126
    Use: Scroll            |       |       |    14 ||    14
         Potion            |       |       |     2 ||     2
 Armour: Robe              |     8 |       |       ||     8
         Ring mail         |    49 |    12 |       ||    61
         Plate armour      |       |    70 |    80 ||   150
  Dodge: Dodged            |    57 |    51 |    45 ||   153
